 Dungeon Crawl Stone Soup version 0.22-a0-565-gfc6459a (webtiles) character file.

79298 GroovyGamera the Fencer (level 15, -3/130 HPs)
             Began as a Merfolk Gladiator on June 27, 2018.
             Was the Champion of Makhleb.
             Slain by a catoblepas (13 damage)
             ... on level 14 of the Dungeon.
             The game lasted 02:19:21 (28532 turns).

GroovyGamera the Fencer (Merfolk Gladiator)        Turns: 28532, Time: 02:19:22

Health: -3/130     AC: 24    Str: 22    XL:     15   Next: 63%
Magic:  22/22      EV:  4    Int:  7    God:    Makhleb [******]
Gold:   1426       SH:  0    Dex: 15    Spells: 14/14 levels left

rFire    + . .     SeeInvis +   a - +3 scimitar (flame)
rCold    + . .     Gourm    .   r - +0 shield
rNeg     . . .     Faith    .   M - +7 plate armour of Defiance {rElec}
rPois    .         Spirit   .   o - +1 helmet
rElec    +         Reflect  +   I - scarf {rC+ rF+}
rCorr    .         Harm     .   (no gloves)
MR       ++...                  (no boots)
Stlth    ..........             G - +3 amulet of reflection
HPRegen  0.31/turn              Z - ring of see invisible
MPRegen  0.18/turn              h - ring of protection from magic

@: petrifying, very slow
A: change form in water, swift swim, stealthy swim
a: Minor Destruction, Lesser Servant of Makhleb, Major Destruction, Greater
Servant of Makhleb, Renounce Religion


You were on level 14 of the Dungeon.
You worshipped Makhleb.
Makhleb was exalted by your worship.
You were not hungry.

You visited 3 branches of the dungeon, and saw 21 of its levels.
You also visited: Sewer.

You collected 1426 gold pieces.

Inventory:

Hand Weapons
 a - a +3 scimitar of flaming (weapon)
 B - a +0 hand crossbow {@w2}
 L - a +0 great sword
Missiles
 n - 6 javelins (quivered)
 E - 109 bolts
Armour
 o - a +1 helmet (worn)
 r - a +0 shield (worn)
 y - a +2 plate armour of fire resistance
 I - a scarf of resistance (worn)
 M - the +7 plate armour of Defiance (worn) {rElec}
   (You found it on level 9 of the Dungeon)

   It insulates you from electricity.
 X - a +0 ring mail of cold resistance
Jewellery
 h - a ring of protection from magic (right hand)
 u - an uncursed ring of wizardry {unknown}
 C - an uncursed ring of protection from cold {unknown}
 G - a +3 amulet of reflection (around neck)
 J - an uncursed ring of poison resistance
 N - an uncursed amulet of regeneration
 Q - an uncursed ring of ice
 Z - a ring of see invisible (left hand)
Wands
 g - a wand of scattershot (4)
 m - a wand of digging (24)
Scrolls
 b - 2 scrolls of fear
 d - 3 scrolls of magic mapping
 i - 5 scrolls of teleportation
 j - 8 scrolls of remove curse
 k - 7 scrolls of enchant weapon
 s - 2 scrolls of amnesia
 v - 2 scrolls of identify
 F - a scroll of immolation
 P - a scroll of fog
 U - a scroll of brand weapon
 W - a scroll of silence
Potions
 e - 9 potions of curing
 p - 3 potions of mutation
 q - a potion of cancellation
 t - a potion of agility
 x - 2 potions of lignification
 z - 3 potions of flight
 A - a potion of might
 D - 3 potions of haste
 O - a potion of invisibility
Comestibles
 f - 31 rations


   Skills:
 + Level 15.7 Fighting
 + Level 15.9 Long Blades
 - Level 2.0 Throwing
 + Level 10.9 Armour
 - Level 8.0 Dodging
 + Level 10.3 Invocations


You had 14 spell levels left.
You didn't know any spells.
Your spell library contained the following spells:

 Spells                   Type           Power        Failure   Level  Hunger
 Magic Dart               Conj           #...         100%        1    ##.....
 Fireball                 Conj/Fire      #.........   100%        5    ######.
 Conjure Flame            Conj/Fire      #.......     100%        3    ####...
 Slow                     Hex            #.......     100%        2    ###....
 Confuse                  Hex            #.......     100%        3    ####...
 Throw Flame              Conj/Fire      #.....       100%        2    ###....
 Mephitic Cloud           Conj/Pois/Air  #.......     100%        3    ####...
 Blink                    Tloc           N/A          100%        2    ###....
 Animate Dead             Necr           N/A          100%        4    #####..
 Pain                     Necr           #...         100%        1    ##.....
 Animate Skeleton         Necr           N/A          100%        1    ##.....
 Vampiric Draining        Necr           #.........   100%        3    ####...
 Sticky Flame             Conj/Fire      #.......     100%        4    #####..
 Call Imp                 Summ           #.......     100%        2    ###....
 Regeneration             Chrm/Necr      #.........   100%        3    ####...
 Corpse Rot               Necr           N/A          100%        2    ###....
 Stone Arrow              Conj/Erth      #.....       100%        3    ####...
 Confusing Touch          Hex            #.....       100%        1    ##.....
 Flame Tongue             Conj/Fire      #....        100%        1    ##.....
 Metabolic Englaciation   Hex/Ice        #.........   100%        5    ######.
 Petrify                  Tmut/Erth      #.......     100%        4    #####..
 Leda's Liquefaction      Hex/Erth       #.........   100%        4    #####..
 Summon Hydra             Summ           #.........   100%        7    #######
 Inner Flame              Hex/Fire       #.......     100%        3    ####...
 Summon Forest            Summ/Tloc      #.........   100%        5    ######.
 Hydra Form               Tmut           #.........   100%        6    #######
 Gell's Gravitas          Tloc           #.........   100%        3    ####...
 Yara's Violent Unravell  Hex/Tmut       #.........   100%        5    ######.


Dungeon Overview and Level Annotations

Branches:
Dungeon (14/15)            Temple (1/1) D:6            Lair (6/6) D:10
  Swamp (0/4) Lair:3       Spider (0/4) Lair:2        Slime (0/5) Lair:5
    Orc (0/2) D:12         Vaults (0/5) D:13

Altars:
Ashenzari
Cheibriados
Dithmenos
Elyvilon
Fedhas
Gozag
Hepliaklqana
Kikubaaqudgha
Makhleb
Nemelex Xobeh
Okawaru
Qazlal
Ru
Sif Muna
Trog
Uskayaw
Vehumet
Wu Jian
Xom
Yredelemnul
Zin
The Shining One
Jiyva

Shops:
D:8 %

Annotations:
Lair:5 exclusion: 3 oklob plants


Message History

The catoblepas gores you!!
* * * LOW HITPOINT WARNING * * *
The catoblepas gores you!!
* * * LOW HITPOINT WARNING * * *
The catoblepas gores you!!
* * * LOW HITPOINT WARNING * * *
The orc wizard casts a spell.
The orc wizard flickers and vanishes for a moment.
The catoblepas gores you but does no damage.
The catoblepas breathes a plume of calcifying dust at you.
The blast of calcifying dust hits you!
* * * LOW HITPOINT WARNING * * *
You turn to flesh and can move again.
You slash the catoblepas! You burn the catoblepas.
The catoblepas is lightly wounded.
You are engulfed in calcifying dust.
You block the catoblepas's attack.
You feel better.
You are engulfed in calcifying dust.
You are slowing down.
The catoblepas gores you!!
You die...

#..# #............#.#
#..#####(....<......#.##
#..#.....#<............#
#..#.###.###..#####.####
#..#.# #...............#
####..#.########.#####.####
4.Y§§...§........# ###
####..#)############# #
#..#....ooo.Y@§§<# ##
#..############### o###..#
o.....# o.##.## #.##.# #..
..§# ....


You could see a catoblepas, 2 orc warriors and an orc wizard (invisible).

Vanquished Creatures
  Frances (D:13)
  Gastronok (D:11)
  An entropy weaver (Lair:6)
  Josephine (Lair:6)
  A fire dragon (D:14)
  Erolcha (D:10)
  6 hydras
  2 vault guards (D:13)
  Erica (D:9)
  2 catoblepae
  3 two-headed ogres
  A centaur warrior (D:14)
  A queen ant (Lair:6)
  The ghost of busb the Fighter, a novice OgWn of Okawaru (D:7)
  7 death yaks
  Nergalle (Lair:2)
  3 unseen horrors
  Pikel (D:6)
  2 wizards (D:13)
  3 deep elf magi
  2 necromancers (D:13)
  3 ugly things
  A wolf spider (Lair:2)
  3 slime creatures (D:14)
  12 elephants
  4 black mambas
  5 gargoyles
  6 spiny frogs
  12 komodo dragons
  4 rime drakes
  2 kobold demonologists
  An efreet (D:14)
  A yaktaur (D:13)
  2 trolls
  2 polar bears (Lair:6)
  Grinder (D:6)
  2 hornets (D:14)
  21 blink frogs
  12 hippogriffs
  A dream sheep (Lair:1)
  Sigmund (D:6)
  A spriggan (D:9)
  3 wyverns
  4 wraiths
  2 basilisks
  18 humans (D:13)
  2 hungry ghosts
  Eustachio (D:6)
  54 yaks
  22 soldier ants
  A warg (D:12)
  10 water moccasins
  4 orc warriors
  10 porcupines
  An eye of draining (shapeshifter) (D:14)
  2 ice beasts
  3 sky beasts
  4 black bears
  3 phantoms
  A slave (D:6)
  5 ogres
  An eye of draining (D:14)
  5 centaurs
  5 wolves (Lair:6)
  15 crocodiles
  2 big kobolds (Sewer)
  18 bullfrogs
  A gnoll sergeant (D:12)
  A wyvern zombie (D:14)
  7 scorpions
  A wyvern skeleton (D:10)
  21 killer bees
  16 wights
  3 howler monkeys
  An electric eel (Lair:3)
  4 crimson imps
  3 centaur zombies (D:9)
  A bullfrog zombie (D:9)
  A quasit (D:7)
  9 orc priests
  Crazy Yiuf (D:4)
  6 jellies
  8 hounds
  9 orc wizards
  Terence (D:2)
  3 centaur skeletons
  Natasha (thrice) (D:2 D:1)
  2 iguanas
  29 worker ants
  3 killer bee zombies
  A hound skeleton (D:5)
  A worker ant zombie (D:5)
  A howler monkey zombie (D:7)
  A howler monkey skeleton (D:9)
  7 gnolls
  16 adders
  8 river rats
  2 shadow imps
  An adder zombie (D:10)
  9 worms
  2 dart slugs
  3 leopard geckos
  33 orcs
  6 bats
  5 giant cockroaches
  12 goblins
  4 hobgoblins
  2 jackals (D:1)
  20 kobolds
  6 quokkas
  8 ball pythons
  4 frilled lizards
  A leopard gecko skeleton (D:8)
  36 rats
  A spectral orc (D:2)
  A fungus (Lair:6)
  2 plants
662 creatures vanquished.

Vanquished Creatures (collateral kills)
  A deep troll shaman (Lair:6)
  2 death yaks (Lair:6)
  A black mamba (Lair:6)
  A rime drake (Lair:5)
  A soldier ant (Lair:6)
6 creatures vanquished.

Vanquished Creatures (others)
  3 slaves (D:6)
  A worker ant zombie (D:6)
  12 fungi
  19 plants
35 creatures vanquished.

Grand Total: 703 creatures vanquished

Notes
Turn   | Place    | Note
-------+----------+-------------------------------------------
     0 | D:1      | GroovyGamera the Merfolk Gladiator began the quest for the Orb.
     0 | D:1      | Reached XP level 1. HP: 16/16 MP: 1/1
   165 | D:1      | Reached XP level 2. HP: 22/23 MP: 2/2
   616 | D:1      | Reached XP level 3. HP: 28/28 MP: 3/3
  1011 | D:2      | Noticed Terence
  1098 | D:2      | Noticed Natasha
  1101 | D:2      | Killed Natasha
  1113 | D:2      | Reached skill level 5 in Dodging
  1113 | D:2      | Reached XP level 4. HP: 28/35 MP: 4/4
  1161 | D:2      | Noticed Natasha
  1189 | D:1      | Killed Natasha
  1213 | D:1      | Noticed Natasha
  1498 | D:1      | Killed Natasha
  1498 | D:1      | Reached XP level 5. HP: 22/41 MP: 5/5
  1794 | D:2      | Killed Terence
  1856 | D:2      | Found a basalt altar of Yredelemnul.
  2090 | D:3      | Found a glowing drain.
  2178 | Sewer    | Entered a sewer
  2442 | Sewer    | Noticed a big kobold
  2459 | Sewer    | Killed a big kobold
  2459 | Sewer    | Reached skill level 5 in Long Blades
  2459 | Sewer    | Reached XP level 6. HP: 32/49 MP: 6/6
  3293 | Sewer    | Reached XP level 7. HP: 29/55 MP: 7/7
  3532 | D:3      | Reached skill level 5 in Fighting
  3927 | D:3      | Found a deep blue altar of Sif Muna.
  4391 | D:4      | Found an iron altar of Okawaru.
  4628 | D:4      | Found a runed door.
  4688 | D:4      | Found a sacrificial altar of Ru.
  5373 | D:4      | Noticed Crazy Yiuf
  5381 | D:4      | Killed Crazy Yiuf
  5381 | D:4      | Reached XP level 8. HP: 57/64 MP: 8/8
  5507 | D:5      | Entered Level 5 of the Dungeon
  6366 | D:5      | Noticed a moth of wrath
  6428 | D:5      | Found a bloodstained altar of Trog.
  6720 | D:5      | Reached skill level 1 in Armour
  6782 | D:5      | Found an ornate altar of the Wu Jian Council.
  7009 | D:6      | Noticed Eustachio
  7216 | D:6      | Killed Eustachio
  7434 | D:6      | Noticed a hippogriff
  7447 | D:6      | Killed a hippogriff
  7627 | D:6      | Noticed Grinder
  7740 | D:6      | Reached XP level 9. HP: 72/72 MP: 9/9
  7760 | D:6      | Noticed Pikel
  7786 | D:6      | Killed Pikel
  7832 | D:6      | Found a stormy altar of Qazlal.
  7913 | D:6      | Noticed Sigmund
  7951 | D:6      | Paralysed by Grinder for 7 turns
  8381 | D:7      | Found a transporter.
  8383 | D:7      | Noticed busb's ghost (novice OgWn)
  8596 | D:7      | Found a transporter.
  8944 | D:7      | Found a hide-covered altar of Uskayaw.
  9062 | D:7      | Found a shadowy altar of Dithmenos.
  9216 | D:7      | Reached XP level 10. HP: 78/83 MP: 10/10
  9916 | D:6      | Killed Grinder
  9961 | D:6      | Killed Sigmund
 10159 | D:6      | Found a staircase to the Ecumenical Temple.
 10165 | Temple   | Entered the Ecumenical Temple
 10341 | Temple   | Became a worshipper of Makhleb the Destroyer
 10490 | D:8      | Found a glowing silver altar of Zin.
 10499 | D:8      | Reached skill level 10 in Long Blades
 10538 | D:8      | Reached skill level 5 in Armour
 10642 | D:8      | Found a shadowy altar of Dithmenos.
 10888 | D:8      | Found Nomnorank's Food Emporium.
 11115 | D:9      | Noticed Erolcha
 11183 | D:9      | Noticed Erica
 11201 | D:9      | Killed Erica
 11201 | D:9      | Reached skill level 10 in Fighting
 11441 | D:9      | Reached * piety under Makhleb
 11602 | D:9      | Reached XP level 11. HP: 64/92 MP: 11/11
 11975 | D:9      | Got an ichor-stained plate armour
 11987 | D:9      | Found a shattered altar of Ashenzari.
 12006 | D:9      | Identified the +7 plate armour of Defiance {rElec} (You found it on level 9 of the Dungeon)
 12223 | D:9      | Noticed a brown ugly thing
 12231 | D:9      | Killed a brown ugly thing
 12231 | D:9      | Reached skill level 1 in Invocations
 12236 | D:10     | Entered Level 10 of the Dungeon
 12249 | D:10     | Killed Erolcha
 13201 | D:10     | Reached ** piety under Makhleb
 13366 | D:10     | Found a staircase to the Lair.
 13586 | D:10     | Found a blossoming altar of Fedhas.
 13890 | D:10     | Killed an unseen horror
 14234 | D:11     | Noticed Gastronok
 14249 | D:11     | Killed Gastronok
 14249 | D:11     | Reached XP level 12. HP: 90/101 MP: 15/15
 14257 | D:11     | Noticed a six-headed hydra
 14282 | D:11     | Killed a three-headed hydra
 14282 | D:11     | Reached skill level 5 in Invocations
 15281 | D:12     | Found a staircase to the Orcish Mines.
 15560 | D:12     | Reached *** piety under Makhleb
 16879 | D:7      | Killed busb's ghost
 16977 | Lair:1   | Entered Level 1 of the Lair of Beasts
 17633 | Lair:1   | Noticed a catoblepas
 17684 | Lair:1   | Killed a catoblepas
 18079 | Lair:1   | Reached XP level 13. HP: 109/109 MP: 17/17
 18595 | Lair:2   | Found a hole to the Spider Nest.
 18643 | Lair:2   | Noticed Nergalle
 18656 | Lair:2   | Killed Nergalle
 18916 | Lair:2   | Reached **** piety under Makhleb
 19538 | Lair:3   | Found a staircase to the Swamp.
 19652 | Lair:3   | You fall through a shaft for 2 floors!
 19940 | Lair:5   | Found a staircase to the Slime Pits.
 19940 | Lair:5   | Found a viscous altar of Jiyva.
 21209 | Lair:4   | Reached ***** piety under Makhleb
 22192 | Lair:6   | Entered Level 6 of the Lair of Beasts
 22246 | Lair:5   | Reached XP level 14. HP: 55/120 MP: 19/19
 23104 | Lair:6   | Noticed an entropy weaver
 23115 | Lair:6   | Noticed Josephine
 23416 | Lair:6   | Noticed an entropy weaver
 24382 | Lair:6   | Killed an entropy weaver
 24536 | Lair:6   | Killed Josephine
 24540 | Lair:6   | Reached skill level 10 in Armour
 24634 | Lair:5   | Reached skill level 10 in Invocations
 24970 | Lair:6   | Reached skill level 15 in Long Blades
 25339 | Lair:6   | Reached skill level 15 in Fighting
 25661 | Lair:5   | Reached XP level 15. HP: 77/129 MP: 22/22
 25841 | Lair:5   | Upgraded the game from 0.22-a0-558-gc224181 to 0.22-a0-565-gfc6459a
 26518 | D:13     | Reached ****** piety under Makhleb
 26519 | D:13     | Noticed Frances
 26545 | D:13     | Killed Frances
 27251 | D:13     | Found a gate to the Vaults.
 27786 | D:14     | Paralysed by a hornet for 2 turns
 28530 | D:14     | HP: 4/130 [catoblepas/blast of calcifying dust (4)]
 28532 | D:14     | Slain by a catoblepas

Vault maps used:
D:1:      roderic_crop_circles_arrival_small
D:2:      yredelemnul_forgotten_temple_becter, first_ration, uniq_terence,
          uniq_natasha
D:3:      lemuel_crystal_altar, portal_sewer_entry_b
D:4:      nicolae_ru_awakened_eye, nicolae_overflow_crystal_walls,
          uniq_crazy_yiuf_cottage
D:5:      tgw_trog, lemuel_round_altar
D:6:      minmay_temple_entry_fiery, grunt_qazlal_clouds, uniq_grinder,
          uniq_sigmund, uniq_pikel, uniq_eustachio
D:7:      nicolae_overflow_hidden_temple, gammafunk_ghost_arena, basic_altar,
          wad_rectangle_vault
D:8:      kennysheep_little_box, overflow_temple_1_default, serial_shops, shop
D:9:      lemuel_coloured_pillars_altar, the_bakery, uniq_erolcha, uniq_erica
D:10:     minmay_lair_entry_grove, fedhas_bush_and_centaur_altar
D:11:     minmay_holes, uniq_gastronok
D:12:     erik_orc_3
D:13:     grunt_vaults_entry_tiered, uniq_frances
D:14:     serial_bayou_pond_d
Temple:   minmay_temple_bridge_abc
Lair:1:   wad_woods_river_01
Lair:2:   spider_nest_entry_rubble, lemuel_fruit_tree, grunt_megastairs_3,
          uniq_nergalle
Lair:3:   swamp_mist_pool, lab_entry_generic, st_stairs_7, grunt_megastairs_4
Lair:5:   slime_altar_1, columned_hall_lemuel, serial_bayou_shore_b,
          minmay_lair_oklob_chamber, infiniplex_staircase_pool
Lair:6:   grunt_lair_end_beastmaster, zaba_anthell, serial_bayou_shore_b,
          infiniplex_staircase_pool_2, uniq_josephine
Sewer:    sewer_minmay_treatment

Skill      XL: |  1  2  3  4  5  6  7  8  9 10 11 12 13 14 |
---------------+-------------------------------------------+-----
Fighting       | 3 4 5 7 9 10 11 12 14 15 | 15.7
Long Blades    | 4 5 6 7 9 10 11 13 14 15 | 15.9
Dodging        | 5 6 7 8 |  8.0
Armour         | 2 4 5 7 8 9 10 | 10.9
Invocations    | 4 6 7 10 | 10.3
Throwing       | |  2.0

Action                   |  1- 3 |  4- 6 |  7- 9 | 10-12 | 13-15 || total
-------------------------+-------+-------+-------+-------+-------++-------
Melee: Long sword        |    58 |   174 |   420 |       |       ||   652
       Scimitar          |       |       |    65 |   878 |  1409 ||  2352
 Fire: Hand crossbow     |       |       |    12 |    17 |     2 ||    31
Throw: Throwing net      |     2 |     1 |     1 |       |       ||     4
       Javelin           |     8 |    41 |    64 |       |     3 ||   116
Invok: Lesser Servant of |       |       |       |     1 |     5 ||     6
       Greater Servant o |       |       |       |       |     1 ||     1
Evoke: Wand              |       |     1 |       |     1 |     2 ||     4
  Use: Scroll            |     3 |     2 |     7 |     5 |    25 ||    42
       Potion            |       |       |     4 |     3 |    16 ||    23
 Stab: Sleeping          |     2 |       |       |       |       ||     2
       Held in net/web   |     1 |       |       |       |       ||     1
       Petrified         |       |       |       |       |     2 ||     2
  Eat: Chunk             |       |     7 |    19 |    17 |    21 ||    64
       Ration            |       |       |     2 |     4 |     5 ||    11
Armor: Leather armour    |     9 |    29 |       |       |       ||    38
       Chain mail        |       |       |   247 |   111 |       ||   358
       Plate armour      |       |       |       |   392 |   845 ||  1237
Dodge: Dodged            |    59 |   124 |   164 |   192 |   398 ||   937
Block: Shield            |       |    62 |   174 |   355 |   721 ||  1312
       Reflection        |       |       |       |     4 |     7 ||    11
       Rpst.: Long sword |    24 |    31 |    45 |       |       ||   100
       Scimitar          |       |       |     3 |    79 |    95 ||   177

Table legend:
 A = Spawn XP
 B = Non-spawn XP
 C = Spawn XP percentage of total XP
 D = Spawn monster count
 E = Non-spawn monster count
 F = Spawn count percentage of total count
 G = Total turns spent on level
                    A         B        C        D         E        F      G
               +---------+---------+-------+---------+---------+-------+---------
         Total |       0 |  113283 |   0.0 |       0 |     664 |   0.0 | 28532
               +---------+---------+-------+---------+---------+-------+---------
           D:1 |       0 |     108 |   0.0 |       0 |      24 |   0.0 |  1214
           D:2 |       0 |     132 |   0.0 |       0 |      21 |   0.0 |   847
           D:3 |       0 |     227 |   0.0 |       0 |      32 |   0.0 |   989
           D:4 |       0 |     383 |   0.0 |       0 |      11 |   0.0 |  1163
           D:5 |       0 |     473 |   0.0 |       0 |      22 |   0.0 |  1868
           D:6 |       0 |    2455 |   0.0 |       0 |      21 |   0.0 |  1842
           D:7 |       0 |    3065 |   0.0 |       0 |      34 |   0.0 |  1158
           D:8 |       0 |     812 |   0.0 |       0 |      18 |   0.0 |   680
           D:9 |       0 |    3994 |   0.0 |       0 |      32 |   0.0 |  1512
          D:10 |       0 |    5487 |   0.0 |       0 |      51 |   0.0 |  1621
          D:11 |       0 |    4232 |   0.0 |       0 |      16 |   0.0 |  1134
          D:12 |       0 |    4303 |   0.0 |       0 |      36 |   0.0 |  1676
          D:13 |       0 |   15265 |   0.0 |       0 |      46 |   0.0 |  1436
          D:14 |       0 |   10549 |   0.0 |       0 |      28 |   0.0 |   885
        Lair:1 |       0 |    6970 |   0.0 |       0 |      25 |   0.0 |  1465
        Lair:2 |       0 |    5570 |   0.0 |       0 |      23 |   0.0 |  1037
        Lair:3 |       0 |    3393 |   0.0 |       0 |      18 |   0.0 |   844
        Lair:4 |       0 |    5271 |   0.0 |       0 |      21 |   0.0 |   994
        Lair:5 |       0 |   14628 |   0.0 |       0 |      43 |   0.0 |  2713
        Lair:6 |       0 |   25599 |   0.0 |       0 |      94 |   0.0 |  1958
         Sewer |       0 |     367 |   0.0 |       0 |      48 |   0.0 |  1294
               +---------+---------+-------+---------+---------+-------+---------
